 Dungeon Crawl Stone Soup version 0.27-a0-1191-g601b473118 (webtiles) character file.

Game seed: 16480040141311954836

27025 leviel the Severer (level 13, -2/82 (95) HPs)
             Began as a Hill Orc Fighter on May 24, 2021.
             Was the Champion of Okawaru.
             Killed from afar by a necromancer (31 damage)
             ... with a bolt of negative energy
             ... on level 13 of the Dungeon.
             The game lasted 00:22:59 (19031 turns).

leviel the Severer (Hill Orc Fighter)              Turns: 19031, Time: 00:23:00

HP:   -2/82 (95)    AC: 10    Str: 24    XL:     13   Next: 29%
MP:   19/19         EV: 11    Int:  8    God:    Okawaru [******]
Gold: 178           SH: 14    Dex: 16    Spells: 12/12 levels left

rFire    . . .     SeeInvis .   t - +4 broad axe (freeze)
rCold    + . .     Faith    .   c - +0 kite shield
rNeg     . . .     Spirit   .   i - +0 troll leather armour of Delightful Salvation {+Blink Regen+ Dex+6 Slay+3}
rPois    .         Reflect  .   s - +1 helmet
rElec    .         Harm     .   (no cloak)
rCorr    .         Rampage  .   x - +0 pair of gloves
Will     .....                  (no boots)
Stlth    +.........             (no amulet)
HPRegen  1.23/turn              n - ring of protection from cold
MPRegen  0.16/turn              (no ring)

@: studying Axes, heavily drained
A: no striking features
a: Renounce Religion, Evoke Blink, Heroism, Finesse


You were on level 13 of the Dungeon.
You worshipped Okawaru.
Okawaru was exalted by your worship.
You visited 1 branch of the dungeon, and saw 13 of its levels.

You collected 778 gold pieces.
You spent 600 gold pieces at shops.

Inventory:

Hand Weapons
 a - a +1 war axe of protection
 t - a +4 broad axe of freezing (weapon)
Missiles
 w - 5 curare-tipped darts
Armour
 c - a +0 kite shield (worn)
 h - a +2 plate armour
 i - the +0 troll leather armour of Delightful Salvation (worn) {+Blink Regen+ Dex+6 Slay+3}
   (You bought it in a shop on level 11 of the Dungeon)

   It affects your dexterity (+6).
   It affects your accuracy and damage with ranged weapons and melee attacks
   (+3).
   It lets you blink.
   It increases your rate of health regeneration.
 l - a +1 hat
 s - a +1 helmet (worn)
 x - a +0 pair of gloves (worn)
Jewellery
 n - a ring of protection from cold (left hand)
 q - an amulet of magic regeneration
Wands
 g - a wand of iceblast (23)
 p - a wand of flame (14)
 r - a wand of digging (7)
 B - a wand of charming (8)
 D - a wand of mindburst (4)
Scrolls
 d - 3 scrolls of teleportation
 o - a scroll of silence
 u - 2 scrolls of fog
 y - 4 scrolls of identify {@r1}
 z - a scroll of magic mapping
 C - 2 scrolls of amnesia
 F - 4 scrolls of enchant weapon {@r3}
 G - a scroll of enchant armour {@r2}
Potions
 b - 4 potions of mutation
 e - 2 potions of cancellation
 f - 2 potions of brilliance
 k - 6 potions of attraction
 m - a potion of curing
 A - 3 potions of flight
 E - a potion of berserk rage
 H - a potion of magic {unknown}


   Skills:
 - Level 3.6 Fighting
 - Level 18.0 Axes
 - Level 12.1 Armour
 - Level 15.0 Shields
 + Level 8.4 Invocations


You had 12 spell levels left.
You didn't know any spells.
Your spell library contained the following spells:

 Spells                   Type           Power      Damage    Failure   Level
 Beastly Appendage        Tmut           0%         N/A       43%         1
 Freeze                   Ice            0%         1d3       43%         1
 Summon Small Mammal      Summ           0%         N/A       43%         1
 Call Imp                 Summ           0%         N/A       58%         2
 Wereblood                Tmut           0%         N/A       58%         2
 Call Canine Familiar     Summ           0%         N/A       82%         3
 Frozen Ramparts          Ice            0%         1d2       82%         3
 Ozocubu's Armour         Ice            0%         N/A       82%         3
 Spider Form              Tmut/Pois      0%         N/A       82%         3
 Summon Guardian Golem    Hex/Summ       0%         N/A       82%         3
 Cause Fear               Hex            0%         N/A       99%         4
 Hailstorm                Conj/Ice       0%         3d3       99%         4
 Ice Form                 Ice/Tmut       0%         N/A       99%         4
 Summon Ice Beast         Ice/Summ       0%         N/A       99%         4
 Summon Lightning Spire   Summ/Air       0%         N/A       99%         4
 Hydra Form               Tmut           0%         N/A       100%        5
 Metabolic Englaciation   Hex/Ice        0%         N/A       100%        5
 Silence                  Hex/Air        0%         N/A       100%        5
 Yara's Violent Unravell  Hex/Tmut       0%         3d3       100%        5
 Discord                  Hex            0%         N/A       100%        8


Dungeon Overview and Level Annotations

Branches:
Dungeon (13/15)            Temple (0/1) D:7            Lair (0/6) D:9
    Orc (0/2) D:12
 Vaults: D:13-14

Altars:
Okawaru
Uskayaw
Beogh

Shops:
D:11 [

Annotations:
D:7 1 runed translucent door, Crazy Yiuf
D:13 2 transporters, Ippog's ghost, journeyman SpEn


Message History

The necromancer gestures at itself while chanting.
The necromancer flickers and vanishes!
You start resting.
HP restored.
Your troll leather armour of Delightful Salvation prevents you from hitting the human.
The human is heavily wounded.
The human hits you.
You slice the human!! You freeze the human.
You kill the human!
Okawaru accepts your kill.
No target in view!
You see here a +0 hunting sling.
No target in view!
The vault guard hits you with a +0 great sword!!
Something hits you but does no damage.
You slice something!! You freeze something!
You hit the vault guard but do no damage.
You block the vault guard's attack. Something hits you but does no damage.
You hit the vault guard. You freeze the vault guard.
The vault guard is lightly wounded.
You barely miss something. You block the vault guard's attack.
You slice the vault guard!! You freeze the vault guard!
The vault guard is severely wounded.
You closely miss something. Something hits you.
You hit the vault guard. You freeze the vault guard.
The vault guard is severely wounded.
You miss something. The vault guard barely misses you.
You hear some strange, mumbled words.
A bolt of negative energy appears from out of thin air!
The bolt of negative energy hits you!!!
You feel drained.
You closely miss the vault guard.
The vault guard is severely wounded.
You closely miss something.
The vault guard hits you with a +0 great sword!
You slash the vault guard! You freeze the vault guard.
The vault guard is almost dead.
You barely miss something.
You hear some strange, mumbled words.
A bolt of negative energy appears from out of thin air!
The bolt of negative energy hits you!!
You feel drained.
You die...

#######.##########.#.#
#........# #.#.###
########.# #.#...# #.#
#.###.# #.###.# #.#
#.##..# #.#
######.##.## #.###
#.)....##.####.#..
#@####.##.........
#{p..............#
#..#############.#
#..# ....#.. #.# #.)#
....'.. #.# #..#
.⌠..'.. #.# #..#
....'.. #.# #..# ....#
#.# #..##'''## #.#


You could see a vault guard.

Vanquished Creatures
  A hydra (D:11)
  2 catoblepae (D:13)
  A boulder beetle (D:13)
  A centaur warrior (D:13)
  A tengu warrior (D:13)
  4 two-headed ogres
  A death yak (D:9)
  A swamp dragon (shapeshifter) (D:13)
  A necromancer (D:13)
  A deep elf pyromancer (D:13)
  An orc knight (D:12)
  3 ugly things
  A manticore (D:11)
  A cyclops (D:11)
  A centaur zombie (D:10)
  Joseph (D:7)
  2 unseen horrors (D:12)
  A tengu conjurer (D:13)
  A troll (D:11)
  4 slime creatures (D:12)
  A vampire (D:13)
  A wyvern (D:9)
  Grum (D:8)
  A shadow (D:10)
  19 humans (D:13)
  A basilisk (D:9)
  29 yaks
  A steam dragon (D:8)
  3 vampire mosquitoes (D:12)
  Edmund (D:5)
  A water moccasin (D:6)
  Duvessa (D:7)
  3 black bears
  12 orc warriors
  2 sky beasts (D:8)
  An ice beast (D:6)
  4 wolves
  An ogre (D:6)
  8 centaurs
  A kobold brigand (D:8)
  A scorpion (D:5)
  3 gnoll sergeants
  A wyvern zombie (D:7)
  4 bullfrogs
  Dowan (D:7)
  A water moccasin skeleton (D:6)
  A wyvern skeleton (D:7)
  4 killer bees (D:9)
  3 wights (D:7)
  3 howler monkeys
  2 hounds
  A bullfrog skeleton (D:5)
  A jelly (D:5)
  8 orc priests
  A gnoll shaman (D:8)
  14 orc wizards
  3 iguanas
  19 gnolls
  4 adders
  A howler monkey skeleton (D:7)
  A white imp (D:7)
  An ufetubus (D:6)
  An adder skeleton (D:4)
  2 worms
  7 dart slugs
  63 orcs
  5 ball pythons
  10 endoplasms
  5 giant cockroaches
  8 goblins
  10 hobgoblins
  14 jackals
  9 kobolds
  8 quokkas
  6 bats
  5 frilled lizards
  5 rats
358 creatures vanquished.

Vanquished Creatures (collateral kills)
  A manticore (D:13)
1 creature vanquished.

Grand Total: 359 creatures vanquished

Notes
Turn   | Place    | Note
-------+----------+-------------------------------------------
     0 | D:1      | leviel the Hill Orc Fighter began the quest for the Orb.
     0 | D:1      | Reached XP level 1. HP: 19/19 MP: 1/1
    13 | D:1      | Reached skill level 3 in Axes
    44 | D:1      | Reached XP level 2. HP: 26/26 MP: 2/2
    55 | D:1      | Reached skill level 4 in Axes
   219 | D:1      | Reached XP level 3. HP: 31/31 MP: 3/3
   739 | D:1      | Reached skill level 5 in Axes
   934 | D:2      | Reached XP level 4. HP: 30/39 MP: 4/4
  1087 | D:2      | Found a hide-covered altar of Uskayaw.
  1130 | D:2      | Found a faded altar of an unknown god.
  1388 | D:2      | Reached skill level 6 in Axes
  1613 | D:2      | Reached XP level 5. HP: 16/45 MP: 5/5
  2614 | D:3      | Found an iron altar of Okawaru.
  2616 | D:3      | Reached skill level 7 in Axes
  2872 | D:3      | Became a worshipper of Warmaster Okawaru
  3165 | D:4      | Noticed a black bear
  3172 | D:4      | Killed a black bear
  3173 | D:4      | Reached skill level 8 in Axes
  3173 | D:4      | Reached XP level 6. HP: 42/51 MP: 6/6
  3226 | D:4      | Noticed a black bear
  3239 | D:4      | Killed a black bear
  3239 | D:4      | Reached * piety under Okawaru
  3240 | D:4      | Reached skill level 9 in Axes
  3596 | D:4      | Reached XP level 7. HP: 42/57 MP: 7/7
  3901 | D:5      | Entered Level 5 of the Dungeon
  3901 | D:5      | Noticed Edmund
  4137 | D:5      | Identified a scroll of acquirement
  4137 | D:5      | Acquired a manual of Axes
  4149 | D:5      | Killed Edmund
  4150 | D:5      | Reached skill level 10 in Axes
  4567 | D:5      | Reached skill level 11 in Axes
  5110 | D:6      | Reached skill level 12 in Axes
  5115 | D:6      | Reached XP level 8. HP: 34/64 MP: 6/8
  5379 | D:6      | Reached skill level 13 in Axes
  5512 | D:6      | Reached skill level 14 in Axes
  6365 | D:6      | Reached ** piety under Okawaru
  6366 | D:6      | Reached skill level 15 in Axes
  6867 | D:7      | Reached skill level 16 in Axes
  7121 | D:7      | Found a staircase to the Ecumenical Temple.
  7151 | D:7      | Reached XP level 9. HP: 47/70 MP: 9/9
  7279 | D:7      | Noticed Joseph
  7300 | D:7      | Killed Joseph
  7618 | D:7      | Found a runed translucent door.
  7619 | D:7      | Noticed Crazy Yiuf
  7685 | D:7      | Reached skill level 5 in Shields
  7689 | D:7      | Reached skill level 5 in Armour
  7689 | D:7      | Noticed Duvessa
  7729 | D:7      | Noticed Dowan
  7730 | D:7      | Killed Duvessa
  7741 | D:7      | Killed Dowan
  8238 | D:7      | Reached *** piety under Okawaru
  9166 | D:8      | Reached XP level 10. HP: 77/77 MP: 10/10
  9506 | D:8      | Noticed Grum
  9551 | D:8      | HP: 3/77 [Grum/-1 halberd (12)]
  9557 | D:8      | HP: 1/77 [wolf[Grum] (3)]
 10453 | D:8      | Killed Grum
 10453 | D:8      | Reached **** piety under Okawaru
 10980 | D:9      | Noticed a two-headed ogre
 10989 | D:9      | Killed a two-headed ogre
 11961 | D:9      | Noticed a death yak
 11989 | D:9      | Killed a death yak
 11989 | D:9      | Reached ***** piety under Okawaru
 11990 | D:9      | Reached skill level 10 in Armour
 11990 | D:9      | Reached skill level 10 in Shields
 11990 | D:9      | Reached XP level 11. HP: 46/82 MP: 9/11
 12614 | D:9      | Found a staircase to the Lair.
 13120 | D:10     | Entered Level 10 of the Dungeon
 13184 | D:10     | Noticed a cyan ugly thing
 13202 | D:10     | Killed a cyan ugly thing
 13882 | D:10     | Noticed a two-headed ogre
 13897 | D:10     | Killed a two-headed ogre
 13897 | D:10     | Reached ****** piety under Okawaru
 13897 | D:10     | Received a gift from Okawaru
 14526 | D:10     | Noticed a two-headed ogre
 14635 | D:10     | Acquired a +2 broad axe of freezing
 15026 | D:11     | Noticed a six-headed hydra
 15046 | D:11     | Killed a 17-headed hydra
 15470 | D:11     | Noticed a manticore
 15478 | D:11     | Killed a manticore
 15490 | D:11     | Reached XP level 12. HP: 61/90 MP: 12/12
 15920 | D:11     | Found Uhicipt's Antique Armour Shoppe.
 15945 | D:11     | Bought a dazzling troll leather armour for 600 gold pieces
 15945 | D:11     | Identified the +0 troll leather armour of Delightful
                  | Salvation {+Blink Regen+ Dex+6 Slay+3} (You bought it in a
                  | shop on level 11 of the Dungeon)
 16429 | D:12     | Found a roughly hewn altar of Beogh.
 16433 | D:12     | Reached skill level 17 in Axes
 16447 | D:12     | Found a staircase to the Orcish Mines.
 16667 | D:12     | Noticed a two-headed ogre
 16673 | D:12     | Killed a two-headed ogre
 17232 | D:13     | Noticed a tengu warrior
 17233 | D:13     | Noticed a catoblepas
 17236 | D:13     | Reached skill level 18 in Axes
 17271 | D:13     | Killed a tengu warrior
 17287 | D:13     | Killed a catoblepas
 17540 | D:13     | Found a transporter.
 17540 | D:13     | Noticed a vampire knight
 17547 | D:13     | Noticed Ippog's ghost (journeyman SpEn)
 17567 | D:13     | Found a transporter.
 18086 | D:13     | Noticed a boulder beetle
 18101 | D:13     | Killed a boulder beetle
 18280 | D:13     | Noticed a catoblepas
 18306 | D:13     | HP: 4/90 [catoblepas/blast of calcifying dust (3)]
 18308 | D:13     | HP: 1/90 [catoblepas (5)]
 18311 | D:13     | Killed a catoblepas
 18311 | D:13     | Received a gift from Okawaru
 18567 | D:13     | Killed a two-headed ogre
 18568 | D:13     | Reached skill level 15 in Shields
 18568 | D:13     | Reached XP level 13. HP: 92/95 MP: 10/15
 18696 | D:13     | Reached skill level 5 in Invocations
 19001 | D:13     | Noticed a vault guard
 19031 | D:13     | Killed from afar by a necromancer

Illustrated notes

Levels and vault maps discovered:
D:1:      minmay_arrival_radiant_lines, layout_basic
D:2:      layout_basic, shapermc_ecumenical_altar_notcrosses, basic_altar
D:3:      layout_rooms, okawaru_altar_gauntlet_db
D:4:      minmay_inner_zag, layout_cave_pools, dk_noncrumbling_4
D:5:      layout_loops_cross, uniq_edmund
D:6:      layout_loops_corners, minmay_hedge_maze
D:7:      layout_loops_ring, minmay_temple_entry_gardened_gates, uniq_joseph,
          uniq_crazy_yiuf_cottage, uniq_duvessa
D:8:      layout_rooms, uniq_grum
D:9:      layout_basic, david_lair_generic
D:10:     layout_loops_cross, lightli_orcish_oven
D:11:     layout_roguey, serial_shops,
          nicolae_shop_temple_entry_statues_fountains
D:12:     layout_long_grid, david_orc_5, serial_rivers,
          chequers_serial_rivers_micro_c, chequers_serial_rivers_room_b,
          chequers_serial_rivers_large_b, chequers_serial_rivers_micro_b,
          chequers_serial_rivers_micro_e
D:13:     layout_loops_ring, grunt_vaults_entry_tiered,
          gammafunk_ghost_mausoleum, minmay_variable_closet

Skill      XL: |  1  2  3  4  5  6  7  8  9 10 11 12 13 |
---------------+----------------------------------------+-----
Axes           | 3 4 5 6 8 9 12 16 18 | 18.0
Armour         | 7 10 12 | 12.1
Shields        | 7 10 12 15 | 15.0
Invocations    | 3 8 |  8.4
Fighting       | |  3.6

Action                   |  1- 3 |  4- 6 |  7- 9 | 10-12 | 13-15 || total
-------------------------+-------+-------+-------+-------+-------++-------
Melee: War axe           |    94 |   214 |   319 |   530 |       ||  1157
       Broad axe         |       |       |       |   219 |   107 ||   326
Throw: Stone             |       |    16 |       |       |       ||    16
       Throwing net      |       |     1 |       |       |       ||     1
       Dart              |       |       |       |     5 |       ||     5
Invok: Heroism           |       |       |     4 |     9 |       ||    13
       Finesse           |       |       |       |     1 |       ||     1
Evoke: Wand              |       |       |       |    22 |       ||    22
  Use: Scroll            |       |     8 |     3 |    20 |     1 ||    32
       Potion            |       |       |     5 |     8 |       ||    13
Armor: Scale mail        |    32 |       |       |       |       ||    32
       Plate armour      |    25 |   175 |   127 |   244 |       ||   571
       Skin              |       |       |     5 |       |       ||     5
       Troll leather arm |       |       |       |    56 |    20 ||    76
Dodge: Dodged            |    40 |    31 |    35 |   139 |    16 ||   261
Block: Kite shield       |    54 |   118 |   103 |   354 |    51 ||   680

Table legend: (Time is in decaauts)
 A = Elapsed time spent in this place.
 B = Non-inter-level travel time spent in this place.
 C = Inter-level travel time spent in this place.
 D = Time resting spent in this place.
 E = Time spent auto-exploring this place.
 F = Levels seen in this place.
 G = Mean time per level.
                   A        B        C        D        E       F      G
               +--------+--------+--------+--------+--------+-----+--------+
         Total |  18982 |  18338 |    644 |   6990 |   8635 |  13 | 1460.2 |
       Dungeon |  18982 |  18338 |    644 |   6990 |   8635 |  13 | 1460.2 |
               +--------+--------+--------+--------+--------+-----+--------+

Top non-repeatable levels by time:
     D:7: 2733 daAuts
     D:9: 2039 daAuts
     D:6: 1852 daAuts
    D:13: 1762 daAuts
    D:10: 1720 daAuts
     D:8: 1418 daAuts
    D:11: 1334 daAuts
     D:2: 1313 daAuts
     D:5: 1096 daAuts
     D:4: 1013 daAuts
    D:12: 986 daAuts
     D:3: 879 daAuts
     D:1: 833 daAuts
